 Dungeon Crawl Stone Soup version 0.28.0 (webtiles) character file.

Game seed: 16954008844655795580

196 Host24 the Bolt Thrower (level 6, 0/37 HPs)
             Began as a Kobold Hunter on Feb 5, 2022.
             Slain by a black bear (2 damage)
             ... on level 3 of the Dungeon.
             The game lasted 00:05:52 (4074 turns).

Host24 the Bolt Thrower (Kobold Hunter)             Turns: 4074, Time: 00:05:52

Health: 0/37       AC:  3    Str: 11    XL:     6   Next: 4%
Magic:  6/6        EV: 15    Int: 12    God:
Gold:   84         SH:  0    Dex: 16    Spells: 5/5 levels left

rFire   . . .      SeeInvis .   a - +1 hand crossbow
rCold   + . .      Faith    .   (no shield)
rNeg    . . .      Spirit   .   c - +0 leather armour
rPois   .          Reflect  .   (no helmet)
rElec   .          Harm     .   (no cloak)
rCorr   .          Rampage  .   (no gloves)
Will    .....                   (no boots)
Stlth   +++.......              (no amulet)
HPRegen 0.12/turn               q - ring of protection from cold
MPRegen 0.10/turn               (no ring)

@: no status effects
A: small, no large weapons, nightstalker 3
a: no special abilities


You were on level 3 of the Dungeon.
You visited 1 branch of the dungeon, and saw 4 of its levels.

You collected 84 gold pieces.

Inventory:

Hand Weapons
 a - a +1 hand crossbow (weapon)
 b - a +0 short sword
Missiles
 d - 29 bolts (quivered ammo)
 f - 72 stones
 g - 3 boomerangs
 h - 38 arrows
 j - 10 poisoned darts
Armour
 c - a +0 leather armour (worn)
Jewellery
 q - a ring of protection from cold (left hand)
Scrolls
 e - 8 scrolls of identify {unknown}
 k - 3 scrolls of teleportation {unknown}
 l - 2 scrolls of summoning {unknown}
 o - a scroll of blinking {unknown}
 p - a scroll of fear {unknown}
Potions
 i - a potion of curing {unknown}
 m - 4 potions of heal wounds {unknown}
 n - a potion of might {unknown}
 r - a potion of brilliance {unknown}
 s - a potion of haste {unknown}


   Skills:
 - Level 3.0 Fighting
 + Level 7.1 Crossbows
 - Level 4.0 Dodging
 - Level 1.3 Stealth


You had 5 spell levels left.
You didn't know any spells.
Your spell library contained the following spells:

 Spells                   Type           Power      Damage    Failure   Level
 Shock                    Conj/Air       0%         1d3       41%         1
 Swiftness                Air            0%         N/A       78%         3
 Airstrike                Air            0%         N/A       99%         4


Dungeon Overview and Level Annotations

Branches:
Dungeon (4/15)
 Temple: D:4-7

Altars:
Trog


Innate Abilities, Weirdness & Mutations

You are small and have problems with some larger weapons.
You are completely attuned to the shadows.


Message History

You shoot a bolt. The bolt barely misses the black bear.
The black bear closely misses you. The black bear barely misses you.
The black bear claws you.
Fire: 34 bolts
Press: ? - help, Q - select action, (/) - cycle Shift-Dir - straight line, f/p - black bear
Aim: a black bear (74% to hit)
You shoot a bolt. The bolt barely misses the black bear.
The black bear bites you! The black bear claws you.
The black bear misses you. x2
The black bear claws you. x2
Fire: 33 bolts
Press: ? - help, Q - select action, (/) - cycle Shift-Dir - straight line, f/p - black bear
Aim: a black bear (74% to hit)
You shoot a bolt.
The bolt hits the black bear but does no damage.
The black bear misses you. The black bear closely misses you.
The black bear claws you.
Fire: 32 bolts
Press: ? - help, Q - select action, (/) - cycle Shift-Dir - straight line, f/p - black bear
Aim: a black bear (74% to hit)
You shoot a bolt. The bolt barely misses the black bear.
The black bear bites you. The black bear barely misses you.
The black bear claws you.
* * * LOW HITPOINT WARNING * * *
Fire: 31 bolts
Press: ? - help, Q - select action, (/) - cycle Shift-Dir - straight line, f/p - black bear
Aim: a black bear (74% to hit)
You shoot a bolt.
The bolt hits the black bear but does no damage.
The black bear misses you. The black bear claws you.
* * * LOW HITPOINT WARNING * * *
The black bear claws you.
* * * LOW HITPOINT WARNING * * *
Fire: 30 bolts
Press: ? - help, Q - select action, (/) - cycle Shift-Dir - straight line, f/p - black bear
Aim: a black bear (74% to hit)
You shoot a bolt. The bolt barely misses the black bear.
The black bear bites you.
* * * LOW HITPOINT WARNING * * *
The black bear misses you. The black bear claws you.
You die...

#..#...#...### #####
###...........## # #...#
####..............# ### ###...#
#....##...........####.# .##...#
#...##............##>..# ......#
#...##...........#...#.# ###...#
#...#...#...#^..##.###.# #...#
#......######...##.# #.#
###...####..<(.h@.# ##..##.# #.#
...............##.# #..>.#.###.#
........#####..##.###.>....##..#
....#########..##........####.##
+##..# #......##.###....# #.#
..##.# #.##.......##...## #.#
#..#†## #.###...#.......# ###.#
)#.#..# #.###..##.##....###...#
#..'..#
#...............##..#####


You could see a black bear.

Vanquished Creatures
  2 hounds
  A jelly (D:2)
  3 adders
  2 adder skeletons (D:4)
  2 dart slugs
  2 orcs (D:4)
  5 ball pythons
  10 endoplasms
  3 giant cockroaches
  9 goblins
  7 hobgoblins
  4 quokkas
  A bat (D:2)
  5 frilled lizards
  A kobold (D:2)
  7 rats
64 creatures vanquished.

Notes
Turn   | Place    | Note
-------+----------+-------------------------------------------
     0 | D:1      | Host24 the Kobold Hunter began the quest for the Orb.
     0 | D:1      | Reached XP level 1. HP: 12/12 MP: 1/1
   119 | D:1      | Reached skill level 5 in Crossbows
   254 | D:1      | Found a faded altar of an unknown god.
   259 | D:1      | Reached XP level 2. HP: 18/18 MP: 2/2
  1269 | D:2      | Reached XP level 3. HP: 23/23 MP: 3/3
  2112 | D:2      | Found a bloodstained altar of Trog.
  2141 | D:2      | Reached XP level 4. HP: 28/28 MP: 4/4
  2501 | D:3      | Reached skill level 6 in Crossbows
  2501 | D:3      | Reached XP level 5. HP: 25/32 MP: 5/5
  3004 | D:3      | You fall into a shaft and drop 1 floor!
  3517 | D:4      | Noticed a +0 hand axe
  3521 | D:4      | Noticed a +0 hand axe
  3535 | D:4      | Reached skill level 7 in Crossbows
  3779 | D:4      | Reached XP level 6. HP: 37/37 MP: 6/6
  3868 | D:4      | Noticed an ogre
  3870 | D:4      | Noticed an ogre
  3871 | D:4      | Noticed a black bear
  4074 | D:3      | Slain by a black bear

Illustrated notes

Levels and vault maps discovered:
D:1:      co_arrival_random_square_maze, layout_loops_cross,
          hellmonk_ecumenical_altar_slurped_away
D:2:      layout_basic, basic_altar
D:3:      layout_rooms, minmay_box_of_dots
D:4:      layout_cave_pools, tso_oasis_becter, dancing_weapons_uskayaw,
          minmay_fractal_squares_diagonal_5

Skill      XL: |  1  2  3  4  5 |
---------------+----------------+-----
Crossbows      | 5 6 7 |  7.1
Fighting       | 3 |  3.0
Dodging        | 3 4 |  4.0
Stealth        | |  1.3

Action                   |  1- 3 |  4- 6 || total
-------------------------+-------+-------++-------
Melee: Short sword       |    63 |   126 ||   189
       Punch             |       |     2 ||     2
 Fire: Hand crossbow     |    15 |    28 ||    43
 Stab: Sleeping          |    14 |    11 ||    25
       Distracted        |       |     1 ||     1
Armor: Leather armour    |    15 |    31 ||    46
Dodge: Dodged            |    44 |   120 ||   164
